 Dungeon Crawl Stone Soup version 0.25-a0-697-g890751e744 (webtiles) character file.

Game seed: 7015956281511545141, levelgen mode: deterministic

73400 tilp the Cleaver (level 15, -7/132 HPs)
             Began as a Yellow Draconian Ice Elementalist on Mar 31, 2020.
             Was an Elder of Ashenzari.
             Mangled by a tyrant leech (25 damage)
             ... on level 6 of the Lair of Beasts.
             The game lasted 01:14:24 (24769 turns).

tilp the Cleaver (DrIE)                            Turns: 24769, Time: 01:14:25

Health: -7/132     AC: 16    Str: 11    XL:     15   Next: 3%
Magic:  25/27      EV: 18    Int: 21    God:    Ashenzari [****..]
Gold:   1805       SH: 12    Dex: 12    Spells: 15/30 levels left

rFire    . . .     SeeInvis +   S - +5 broad axe (elec) (curse)
rCold    + . .     Gourm    .   b - +1 kite shield {rC+} (curse)
rNeg     . . .     Faith    .   (armour unavailable)
rPois    .         Spirit   .   (helmet restricted)
rElec    .         Reflect  .   q - +2 cloak (curse)
rCorr    +         Harm     .   J - +1 pair of gloves (curse)
MR       ++...     Clarity  +   e - +1 pair of boots (curse)
Stlth    ++........             (no amulet)
HPRegen  0.32/turn              U - +3 ring of evasion
MPRegen  0.20/turn              a - ring of protection from magic

@: frozen ramparts, studying Transmutations
A: spit acid, unfitting armour, acidic bite, cold-blooded, acid resistance, AC
+9
a: Breathe Acid, Curse Item, Scrying, Renounce Religion


You were on level 6 of the Lair of Beasts.
You worshipped Ashenzari.
Ashenzari was greatly pleased with you.
You were not hungry.

You visited 2 branches of the dungeon, and saw 17 of its levels.
You also visited: Ice Cave and Volcano.

You collected 2126 gold pieces.
You spent 321 gold pieces at shops.

Inventory:

Hand Weapons
 P - a +2 battleaxe of freezing
 S - a cursed +5 broad axe of electrocution (weapon)
Missiles
 d - 52 sling bullets
 j - 549 stones
 E - 39 poisoned darts
 N - 4 javelins
 Q - 8 curare-tipped darts (quivered)
 Z - 10 boomerangs
Armour
 b - a cursed +1 kite shield of cold resistance (worn)
 e - a cursed +1 pair of boots (worn)
 q - a cursed +2 cloak (worn)
 J - a cursed +1 pair of gloves (worn)
Jewellery
 a - a ring of protection from magic (right hand)
 i - an uncursed ring of protection from fire
 z - the ring "Qiarchyg" {+Fly rC+ Int-4 Dex+7}
   (You took it off a centaur warrior on level 8 of the Dungeon)

   [ring of protection from cold]

   It affects your intelligence (-4).
   It affects your dexterity (+7).
   It protects you from cold.
   It lets you fly.
 B - an uncursed ring of stealth
 M - a +4 ring of strength
 R - an uncursed ring of protection from cold
 U - a +3 ring of evasion (left hand)
Wands
 h - a wand of enslavement (19)
 y - a wand of disintegration (4)
 G - a wand of scattershot (3)
 K - a wand of polymorph (5)
 L - a wand of paralysis (11)
 T - a wand of iceblast (9)
 W - a wand of acid (15)
Scrolls
 f - a scroll of blinking
 g - 4 scrolls of remove curse
 m - 2 scrolls of amnesia
 o - a scroll of identify
 s - a scroll of fog
 t - a scroll of magic mapping
 u - a scroll of silence
 w - 7 scrolls of teleportation
 H - a scroll of holy word
Potions
 k - 3 potions of flight
 n - 4 potions of might
 p - a potion of heal wounds
 r - 5 potions of haste
 v - 2 potions of curing
 x - 2 potions of brilliance
 A - a potion of stabbing
 C - 5 potions of berserk rage
 F - 2 potions of lignification
 V - 4 potions of mutation
Books
 D - a manual of Transmutations
Miscellaneous
 l - a phantom mirror
 I - a box of beasts
Comestibles
 c - 29 rations
 O - 15 chunks of flesh


   Skills:
 - Level 12.0 Fighting
 + Level 12.8(15.9) Axes
 - Level 6.0(8.3) Dodging
 - Level 1.7(3.4) Stealth
 + Level 8.9(11.1) Shields
 - Level 8.0 Spellcasting
 - Level 4.0 Conjurations
 - Level 2.1 Charms
 - Level 3.7 Summonings
 - Level 12.0 Ice Magic
 - Level 6.2 Evocations


You had 15 spell levels left.
You knew the following spells:

 Your Spells              Type           Power        Failure   Level  Hunger
a - Freeze                Ice            ####         1%          1    None
b - Frozen Ramparts       Ice            ######       1%          3    None
c - Ozocubu's Armour      Chrm/Ice       #####...     1%          3    None
d - Hailstorm             Conj/Ice       #####...     4%          4    ###....
e - Summon Ice Beast      Ice/Summ       #####...     4%          4    ###....

Your spell library contained the following spells:

 Spells                   Type           Power        Failure   Level  Hunger
 Summon Small Mammal      Summ           ###.         2%          1    None
 Call Imp                 Summ           ###.....     4%          2    None
 Call Canine Familiar     Summ           ###.....     9%          3    None
 Sting                    Tmut/Pois      #...         13%         1    None
 Poisonous Vapours        Pois/Air       #.....       19%         2    None
 Summon Guardian Golem    Hex/Summ       ###.....     19%         3    None
 Mephitic Cloud           Conj/Pois/Air  ##......     22%         3    None
 Ignite Poison            Fire/Tmut/Pois #.......     36%         3    None
 Summon Lightning Spire   Summ/Air       ###.....     52%         4    ###....
 Olgreb's Toxic Radiance  Pois           #.......     77%         4    ###....


Dungeon Overview and Level Annotations

Branches:
Dungeon (11/15)            Temple (0/1) D:4            Lair (6/6) D:11
  Swamp (0/4) Lair:4       Spider (0/4) Lair:2        IceCv (visited)
Volcano (visited)
  Slime: Lair:5-6       Orc: D:9-12

Altars:
Ashenzari
Fedhas
Okawaru
Ru
Sif Muna
Trog
Vehumet
Wu Jian
Xom
Yredelemnul
The Shining One

Shops:
D:6 *

Annotations:
D:3 1 runed translucent door, Crazy Yiuf
Lair:4 1 runed translucent door, Libuhoy's ghost, journeyman DEFE
Lair:5 1 runed translucent door, Ezab's ghost, journeyman MiFi


Innate Abilities, Weirdness & Mutations

You can spit globs of acid.
Your golden yellow scales are hard. (AC +9)
You cannot fit into any form of body armour.
You have acidic saliva.
You are cold-blooded and may be slowed by cold attacks.
You are resistant to acid. (rCorr)


Message History

The tyrant leech bites you but does no damage.
You hit the tyrant leech.
Lightning courses through the tyrant leech!
Your tail-slap misses the tyrant leech.
The tyrant leech is severely wounded.
The tyrant leech bites you!!
* * * LOW HITPOINT WARNING * * *
The tyrant leech draws strength from your injuries!
You slash the tyrant leech!
The tyrant leech is severely wounded.
The tyrant leech bites you!!
* * * LOW HITPOINT WARNING * * *
The tyrant leech draws strength from your injuries!
You closely miss the tyrant leech. Your bite misses the tyrant leech.
The tyrant leech is moderately wounded.
You slice the tyrant leech!!
Lightning courses through the tyrant leech!
The tyrant leech is severely wounded.
The tyrant leech bites you!!
You die...

* ,,..........≈≈≈## ≈P≈) ,
*,,..........≈≈P≈#≈≈.≈P,,≈*
,,..........P≈≈≈#≈≈≈.≈ *
........≈..≈≈≈≈≈≈≈≈.≈≈* *
...........≈≈≈≈≈≈P≈≈ ,
...........≈≈≈≈≈≈≈≈≈ * **,
........≈≈.≈≈P≈≈≈≈≈≈ ** *,
......w.#..≈≈≈P≈≈≈≈≈ ,
,.......@#..≈≈≈≈≈≈≈≈≈≈≈
........##.≈≈≈≈≈≈≈≈≈
,,.........#..≈≈≈.≈≈P≈ ≈≈≈
,,.........##.P≈≈≈≈≈≈≈ ≈
..........#.≈.≈≈P≈≈≈ ≈
,..........#, ≈, ≈
..........# , ,,≈ ≈
........... , ≈ ,,≈ , ,, ,,
,,, , , ,*


You could see a tyrant leech.

Vanquished Creatures
  3 hydras
  Fannar (Lair:3)
  A centaur warrior (D:8)
  5 two-headed ogres
  A dancing weapon (Volcano)
  5 death yaks (Lair:5)
  A queen ant (Lair:3)
  Urug (Lair:6)
  Sonja (D:10)
  An unseen horror (D:5)
  5 wizards (Volcano)
  An oklob plant (Lair:4)
  A cyclops (D:8)
  3 elephants (Lair:2)
  4 toenail golems (Volcano)
  3 black mambas
  2 gargoyles
  22 spiny frogs
  Psyche (D:10)
  2 rime drakes (Lair:4)
  3 komodo dragons
  3 trolls
  3 tyrant leeches
  2 hornets (D:11)
  3 polar bears
  15 blink frogs
  4 dream sheep (Lair:6)
  26 yaks
  3 wyverns
  A hungry ghost (D:7)
  Eustachio (D:6)
  A basilisk (Lair:2)
  The ghost of Rotter5 the Conjurer, an amateur DrCj (D:3)
  2 steam dragons (Lair:4)
  6 vampire mosquitoes
  Menkaure (D:7)
  6 soldier ants
  11 water moccasins
  6 porcupines
  10 ice beasts
  A swamp drake (Lair:4)
  4 black bears
  6 orc warriors
  5 sky beasts
  23 wolves
  6 ogres
  7 centaurs
  5 crocodiles
  Blork the orc (D:5)
  3 big kobolds
  10 bullfrogs
  A wyvern zombie (D:11)
  2 wyvern skeletons
  2 scorpions
  11 killer bees
  3 wights (D:6)
  A howler monkey (D:9)
  4 electric eels (D:11)
  3 crimson imps
  A centaur zombie (D:7)
  3 quasits
  3 jellies
  6 hounds
  2 bullfrog skeletons
  A centaur skeleton (D:6)
  6 orc priests
  5 bullfrog zombies
  Terence (D:3)
  5 iguanas
  4 orc wizards
  14 worker ants
  A hound skeleton (D:4)
  2 worker ant zombies
  A howler monkey zombie (D:8)
  Robin (D:2)
  11 adders
  4 gnolls (D:7)
  3 shadow imps
  3 oozes
  2 adder skeletons
  An adder zombie (D:6)
  4 worms
  5 dart slugs
  4 leopard geckos
  42 orcs
  2 ball pythons
  5 giant cockroaches
  18 goblins
  5 hobgoblins
  9 jackals
  15 kobolds
  3 quokkas
  7 bats
  3 frilled lizards
  3 rats
  2 bushes (Lair:4)
  A fungus (Lair:5)
  A plant (Lair:6)
479 creatures vanquished.

Vanquished Creatures (collateral kills)
  2 hydras (Lair:5)
  2 ugly things (D:11)
  An elephant (Lair:2)
  A toenail golem (Volcano)
  An ice statue (IceCv)
  6 polar bears (IceCv)
  A blink frog (Lair:6)
  A yak (Lair:1)
  A water moccasin (D:11)
  An ogre (D:8)
  A wolf (Lair:2)
  A bullfrog (D:8)
19 creatures vanquished.

Vanquished Creatures (others)
  A crocodile (Lair:6)
  An adder (Lair:4)
  A bush (Lair:6)
  7 fungi
  37 plants
47 creatures vanquished.

Grand Total: 545 creatures vanquished

Notes
Turn   | Place    | Note
-------+----------+-------------------------------------------
     0 | D:1      | tilp the Draconian Ice Elementalist began the quest for the
                  | Orb.
     0 | D:1      | Reached XP level 1. HP: 14/14 MP: 3/3
   179 | D:1      | Reached XP level 2. HP: 17/20 MP: 3/5
   582 | D:1      | Reached skill level 5 in Ice Magic
   641 | D:1      | Reached XP level 3. HP: 23/26 MP: 2/6
   646 | D:1      | Learned a level 3 spell: Frozen Ramparts
   960 | D:1      | Found a shattered altar of Ashenzari,
  1166 | D:1      | Became a worshipper of Ashenzari the Shackled
  1268 | D:2      | Found a faded altar of an unknown god,
  1347 | D:2      | Noticed Robin
  1364 | D:2      | Killed Robin
  1365 | D:2      | Reached XP level 4. HP: 22/33 MP: 1/7
  1471 | D:2      | Noticed an ogre
  1497 | D:2      | Killed an ogre
  1497 | D:2      | Reached XP level 5. HP: 25/38 MP: 1/8
  1502 | D:2      | Learned a level 3 spell: Ozocubu's Armour
  1634 | D:2      | Found an ornate altar of the Wu Jian Council,
  1803 | D:2      | Found a radiant altar of Vehumet,
  2157 | D:3      | Noticed Terence
  2211 | D:3      | Found a runed translucent door,
  2212 | D:3      | Noticed Crazy Yiuf
  2363 | D:3      | Killed Terence
  2915 | D:3      | Found a runed translucent door,
  2918 | D:3      | Noticed Rotter5's ghost (amateur DrCj)
  2970 | D:3      | Reached XP level 6. HP: 45/45 MP: 2/9
  2976 | D:3      | Killed Rotter5's ghost
  3162 | D:4      | Found a blossoming altar of Fedhas,
  3559 | D:4      | Reached skill level 1 in Fighting
  3559 | D:4      | Your scales start taking on a golden yellow colour.
  3559 | D:4      | Reached XP level 7. HP: 53/53 MP: 3/10
  3559 | D:4      | Gained mutation: You are resistant to acid. (rCorr) [Yellow
                  | Draconian growth]
  3685 | D:4      | Found a sacrificial altar of Ru,
  3775 | D:4      | Found a staircase to the Ecumenical Temple,
  3925 | D:4      | Reached * piety under Ashenzari
  3927 | D:4      | Found an iron altar of Okawaru,
  4035 | D:4      | Learned a level 4 spell: Hailstorm
  4114 | D:5      | Entered Level 5 of the Dungeon
  4615 | D:5      | Killed an unseen horror
  4615 | D:5      | Reached skill level 5 in Fighting
  4615 | D:5      | Reached skill level 5 in Spellcasting
  4615 | D:5      | Reached XP level 8. HP: 36/69 MP: 5/15
  4776 | D:5      | Noticed Blork the orc
  5020 | D:5      | Found a shimmering blue altar of Sif Muna,
  5161 | D:5      | Killed Blork the orc
  5161 | D:5      | Reached skill level 1 in Conjurations
  5214 | D:6      | Reached skill level 1 in Charms
  5245 | D:6      | Found Igrinosh's Assorted Antiques,
  5256 | D:6      | Bought a scroll of identify for 62 gold pieces
  5256 | D:6      | Bought a smoky brown potion for 27 gold pieces
  5345 | D:6      | Reached skill level 1 in Evocations
  5783 | D:6      | Noticed Eustachio
  5791 | D:6      | Killed Eustachio
  6308 | D:7      | Found a bloodstained altar of Trog,
  6312 | D:7      | Reached XP level 9. HP: 72/74 MP: 6/16
  6510 | D:7      | Noticed Menkaure
  6741 | D:7      | Learned a level 4 spell: Summon Ice Beast
  6743 | D:7      | Noticed a two-headed ogre
  6755 | D:7      | Killed a two-headed ogre
  7422 | D:7      | Killed Menkaure
  7430 | D:7      | Found a glowing golden altar of the Shining One,
  7513 | D:7      | Found a basalt altar of Yredelemnul,
  7528 | D:7      | Reached XP level 10. HP: 91/91 MP: 13/17
  7711 | D:8      | Noticed a two-headed ogre
  8024 | D:8      | Killed a two-headed ogre
  8336 | D:8      | Reached skill level 10 in Ice Magic
  8431 | D:8      | Noticed a two-headed ogre
  8439 | D:8      | Killed a two-headed ogre
  8639 | D:8      | Found the +5 demon whip "Spellbinder" {antimagic, MR+}
  8639 | D:8      | Identified the ring "Qiarchyg" {+Fly rC+ Int-4 Dex+7}
  8639 | D:8      | Noticed a centaur warrior
  8640 | D:8      | Noticed a cyclops
  8657 | D:8      | Killed a centaur warrior
  8660 | D:8      | Killed a cyclops
  9152 | D:6      | Bought a scroll of enchant armour for 232 gold pieces
  9283 | D:9      | Reached XP level 11. HP: 87/97 MP: 14/18
  9580 | D:9      | Reached skill level 5 in Dodging
  9916 | D:10     | Entered Level 10 of the Dungeon
  9928 | D:10     | Reached skill level 10 in Fighting
 10364 | D:10     | Noticed Sonja
 10404 | D:10     | Noticed Psyche
 10405 | D:10     | Killed Sonja
 10419 | D:10     | Killed Psyche
 10938 | D:11     | Reached ** piety under Ashenzari
 10942 | D:11     | Found the +7 captain's cutlass {speed, disarm}
 10943 | D:11     | Noticed a centaur warrior
 10943 | D:11     | Noticed a brown ugly thing
 10943 | D:11     | Noticed a green ugly thing
 10955 | D:11     | Noticed a purple ugly thing
 10955 | D:11     | Noticed a red ugly thing
 10956 | D:11     | Noticed a two-headed ogre
 10966 | D:11     | Found a frozen archway,
 11215 | D:11     | Noticed a brown ugly thing
 11260 | IceCv    | Entered an ice cave
 12580 | IceCv    | Noticed a frost giant
 13568 | D:11     | Killed a two-headed ogre
 13568 | D:11     | Reached XP level 12. HP: 105/108 MP: 6/21
 14920 | D:11     | Found a staircase to the Lair,
 15230 | D:11     | Noticed a two-headed ogre
 15241 | D:11     | Killed a two-headed ogre
 15310 | D:11     | Identified a scroll of acquirement
 15366 | Lair:1   | Entered Level 1 of the Lair of Beasts
 15689 | Lair:1   | Noticed an eight-headed hydra
 15708 | Lair:1   | Killed an eight-headed hydra
 15708 | Lair:1   | Reached skill level 5 in Axes
 16573 | Lair:2   | Found a hole to the Spider Nest,
 17624 | Lair:3   | Reached *** piety under Ashenzari
 17953 | Lair:3   | Noticed a six-headed hydra
 17962 | Lair:3   | Killed a six-headed hydra
 17964 | Lair:3   | Found a dark tunnel,
 18032 | Volcano  | Entered a volcano
 18061 | Volcano  | Reached XP level 13. HP: 106/118 MP: 5/22
 18287 | Volcano  | Gained mutation: You have acidic saliva. [Yellow Draconian
                  | growth]
 18287 | Volcano  | Reached XP level 14. HP: 93/126 MP: 23/23
 18634 | Lair:3   | Noticed Fannar
 18693 | Lair:3   | Killed Fannar
 19004 | Lair:3   | Identified the +7 falchion "Sagoshray" {freeze, rF+ Dex+2}
 19384 | Lair:4   | Found a runed translucent door,
 20159 | Lair:4   | Identified the cursed +2 trident "Hydraslayer" {elec, rPois
                  | rC+ SInv}
 20167 | Lair:4   | Noticed Libuhoy's ghost (journeyman DEFE)
 20191 | Lair:4   | Reached skill level 1 in Shields
 20221 | Lair:4   | Found a staircase to the Swamp,
 21062 | Lair:5   | Reached **** piety under Ashenzari
 21441 | Lair:5   | Reached skill level 5 in Shields
 21788 | Lair:5   | Found a runed translucent door,
 21790 | Lair:5   | Found a shimmering altar of Xom,
 21790 | Lair:5   | Noticed Ezab's ghost (journeyman MiFi)
 22019 | Lair:6   | Entered Level 6 of the Lair of Beasts
 23264 | Lair:6   | Noticed Urug
 23300 | Lair:6   | Killed Urug
 24606 | Lair:5   | Reached XP level 15. HP: 113/132 MP: 25/27
 24769 | Lair:6   | Mangled by a tyrant leech

Levels and vault maps discovered:
D:1:      minmay_arrival_doors, layout_basic, kennysheep_flooded_box,
          nicolae_ashenzari_panopticon
D:2:      layout_loops_ring, fiery_altar_vehumet, lemuel_crystal_altar,
          chequers_ecumenical_altar_simple_redux, uniq_robin
D:3:      layout_rooms, ebering_ghost_sewer_d, hangedman_feature_mirror,
          uniq_crazy_yiuf_cottage, uniq_terence
D:4:      layout_basic, kennysheep_okawaru_gauntlet, lemuel_crystal_altar,
          minmay_temple_entry_glassed_door, hex_intersection,
          hangedman_ru_absence
D:5:      layout_cave_pools, first_ration, led_sif_pool, uniq_blork_the_orc
D:6:      layout_cave_pools, serial_shops, nicolae_shop_waterfront,
          minmay_manual_mares, uniq_eustachio
D:7:      layout_loops_ring, trog_ov_bears_minmay, yredelemnul_altar_generic,
          nicolae_overflow_crystal_walls, uniq_menkaure
D:8:      minmay_the_grid_triangle_9x9_rhombus_thin
          [minmay_the_grid_triangle_9x9_zippers_vertical,
          minmay_the_grid_triangle_9x9_prize_insulated,
          minmay_the_grid_triangle_9x9_descending_squares,
          minmay_the_grid_triangle_9x9_checkered], layout_cave_pools
D:9:      layout_roguey
D:10:     layout_basic, uniq_psyche, uniq_sonja
D:11:     layout_rooms, erik_lair_island, portal_ice_cave_entry_ice_beasts,
          hangedman_pestilent_swarm, minivault_12
Lair:1:   layout_small_grid
Lair:2:   layout_cave_pods, spider_nest_entry_web_field, grunt_megastairs_4
Lair:3:   layout_chaotic_city, enter_volcano_4, wad_woods_antlair, uniq_fannar
Lair:4:   layout_misc_corridors, swamp_mist_pool, ebering_ghost_funeral_grove,
          minmay_lair_oklob_bushes, disabler_island
Lair:5:   layout_loops_ring, ebering_ghost_xom
Lair:6:   minmay_lair_end_frog_pond, layout_regular_city,
          nicolae_slime_entry_slimehenge, uniq_urug

Skill      XL: |  1  2  3  4  5  6  7  8  9 10 11 12 13 14 |
---------------+-------------------------------------------+-----
Ice Magic      | 5 6 7 8 10 12 | 12.0
Dodging        | 2 4 6 |  6.0
Fighting       | 1 5 9 10 12 | 12.0
Spellcasting   | 5 6 8 |  8.0
Conjurations   | 2 4 |  4.0
Charms         | 2 |  2.1
Evocations     | 4 6 |  6.2
Summonings     | 3 |  3.7
Axes           | 9 11 12 | 12.8
Shields        | 8 |  8.9
Stealth        | |  1.7

Action                   |  1- 3 |  4- 6 |  7- 9 | 10-12 | 13-15 || total
-------------------------+-------+-------+-------+-------+-------++-------
Melee: Unarmed           |    16 |       |       |       |       ||    16
       Tailslap          |     2 |     6 |    20 |    90 |    34 ||   152
       Dagger            |    10 |    47 |    60 |   268 |       ||   385
       Falchion          |       |       |   103 |   230 |       ||   333
       Broad axe         |       |       |       |    96 |   435 ||   531
       Battleaxe         |       |       |       |    16 |       ||    16
       Halberd           |       |       |       |     5 |       ||     5
       Bite              |       |       |       |       |    36 ||    36
Throw: Dart              |       |     2 |     1 |    11 |     1 ||    15
       Throwing net      |       |       |     1 |       |       ||     1
       Stone             |       |       |       |     2 |       ||     2
 Cast: Freeze            |    49 |    40 |    43 |    79 |     6 ||   217
       Frozen Ramparts   |     4 |     7 |    23 |    58 |    39 ||   131
       Ozocubu's Armour  |       |     4 |     9 |    51 |    33 ||    97
       Hailstorm         |       |       |     2 |    28 |     7 ||    37
       Summon Ice Beast  |       |       |       |    39 |    12 ||    51
Invok: Curse Item        |       |       |       |     1 |     3 ||     4
 Abil: Breathe Acid      |       |       |     1 |     1 |       ||     2
Evoke: Wand              |       |       |     2 |     4 |     9 ||    15
       Box of beasts     |       |       |       |     1 |       ||     1
  Use: Scroll            |     1 |       |    13 |    15 |     6 ||    35
       Potion            |       |       |     2 |     8 |     1 ||    11
 Stab: Sleeping          |     1 |     1 |     4 |     6 |     2 ||    14
       Distracted        |       |       |       |     2 |     1 ||     3
  Eat: Chunk             |     3 |     7 |    12 |    33 |     9 ||    64
       Ration            |       |       |     2 |     5 |     4 ||    11
Armor: Skin              |    23 |    24 |   116 |   363 |   116 ||   642
Dodge: Dodged            |    46 |    48 |   163 |   828 |   221 ||  1306
Block: Kite shield       |       |       |       |       |   102 ||   102
       Rpst.: Falchion   |       |       |    22 |    78 |       ||   100

Table legend:
 A = Non-vault XP
 B = Vault XP
 C = Vault XP percentage of total XP
 D = Non-vault monster count
 E = Vault monster count
 F = Vault count percentage of total count
                 A         B        C        D         E       F
            +---------+---------+-------+---------+---------+-------
      Total |   45316 |   31517 |  41.0 |     345 |     149 |  30.2
            +---------+---------+-------+---------+---------+-------
        D:1 |      58 |       0 |   0.0 |      25 |       0 |   0.0
        D:2 |     196 |      36 |  15.5 |      15 |      12 |  44.4
        D:3 |      51 |     249 |  83.0 |      21 |       4 |  16.0
        D:4 |     313 |       4 |   1.3 |      11 |       2 |  15.4
        D:5 |     985 |     100 |   9.2 |       7 |       1 |  12.5
        D:6 |     455 |     425 |  48.3 |      12 |       3 |  20.0
        D:7 |    2464 |     429 |  14.8 |      35 |       3 |   7.9
        D:8 |    3085 |    1901 |  38.1 |      32 |       9 |  22.0
        D:9 |    2054 |       0 |   0.0 |      32 |       0 |   0.0
       D:10 |    1600 |    1020 |  38.9 |      22 |       3 |  12.0
       D:11 |    4453 |    2416 |  35.2 |      32 |      19 |  37.3
     Lair:1 |    3892 |       0 |   0.0 |      18 |       0 |   0.0
     Lair:2 |    4048 |     370 |   8.4 |      15 |       1 |   6.2
     Lair:3 |    1936 |    2627 |  57.6 |       4 |      14 |  77.8
     Lair:4 |    2742 |     976 |  26.3 |      13 |       4 |  23.5
     Lair:5 |   12082 |    1743 |  12.6 |      34 |       8 |  19.0
     Lair:6 |    4902 |    8343 |  63.0 |      17 |      30 |  63.8
      IceCv |       0 |    4471 | 100.0 |       0 |      25 | 100.0
    Volcano |       0 |    6407 | 100.0 |       0 |      11 | 100.0
            +---------+---------+-------+---------+---------+-------
